| TOP OF THE 1ST |
|
Biloxi Shuckers batting - Pitching for Harrisburg Senators : LHP Sean Carr
|
|
Pitching: LHP Sean Carr
|
|
|
Batting: SHB Mike Williams
|
0-0: Called Strike 0-1: Foul Ball, location: 2F 0-2: Ground out 6-3 (Groundball, 6D, EV 86.9 MPH)
|
|
Batting: RHB Cameron Rattenbury
|
0-0: Ball 1-0: Foul Ball, location: 2F 1-1: Swinging Strike 1-2: Fly out, F9 (Flyball, 9D, EV 84.4 MPH)
|
|
Batting: RHB Vinny Estrada
|
0-0: Called Strike 0-1: Called Strike 0-2: Ball 1-2: Strikes out looking
|
| Top of the 1st over - 0 runs, 0 hits, 0 errors, 0 left on base; Biloxi 0 - Harrisburg 0 |
| BOTTOM OF THE 1ST |
|
Harrisburg Senators batting - Pitching for Biloxi Shuckers : RHP Junzo Yanagisawa
|
|
Pitching: RHP Junzo Yanagisawa
|
|
|
Batting: SHB Dan Castaneda
|
0-0: Ball 1-0: Swinging Strike 1-1: Foul Ball, location: 2F 1-2: Strikes out swinging, 2-3 out at first.
|
|
Batting: RHB Kevin Whitenack
|
0-0: Ball 1-0: Ball 2-0: Swinging Strike 2-1: Ground out 5-3 (Groundball, 56S, EV 83.8 MPH)
|
|
Batting: RHB Hisayuki Akiyama
|
0-0: Ground out 5-3 (Groundball, 56, EV 82.5 MPH)
|
| Bottom of the 1st over - 0 runs, 0 hits, 0 errors, 0 left on base; Biloxi 0 - Harrisburg 0 |
| TOP OF THE 2ND |
|
Biloxi Shuckers batting - Pitching for Harrisburg Senators : LHP Sean Carr
|
|
Batting: RHB Steve Byerly
|
0-0: Called Strike 0-1: Ball 1-1: Ball 2-1: SINGLE (Flyball, 8RS, EV 91.9 MPH)
|
|
Batting: RHB Matthew Adams
|
0-0: Called Strike 0-1: Swinging Strike 0-2: Ball 1-2: Ball 2-2: Foul Ball, location: 2F 2-2: Strikes out swinging
|
|
Batting: RHB Brian Landrum
|
0-0: Foul Ball, location: 2F 0-1: Fly out, F9 (Line Drive, 89M, EV 104.4 MPH)
|
|
Batting: RHB Skyler Goss
|
0-0: Foul Ball, location: 2F 0-1: Ball 1-1: Foul Ball, location: 2F 1-2: Ball 2-2: Foul Ball, location: 2F 2-2: Strikes out looking
|
| Top of the 2nd over - 0 runs, 1 hit, 0 errors, 1 left on base; Biloxi 0 - Harrisburg 0 |
| BOTTOM OF THE 2ND |
|
Harrisburg Senators batting - Pitching for Biloxi Shuckers : RHP Junzo Yanagisawa
|
|
Batting: LHB Nate Melendez
|
0-0: Ball 1-0: Fly out, F2 (Popup, 23F, EV 82.5 MPH)
|
|
Batting: RHB Slavik Nebrodov
|
0-0: Ball 1-0: Swinging Strike 1-1: Foul Ball, location: 2F 1-2: Foul Ball, location: 2F 1-2: Hit by Pitch
|
|
Batting: RHB Ben Welt
|
0-0: Foul Ball, location: 2F 0-1: Ball 1-1: Fly out, F9 (Flyball, 9, EV 90.0 MPH)
|
|
Batting: RHB John McNeill
|
0-0: Foul Ball, location: 2F 0-1: Fly out, F7 (Line Drive, 7S, EV 109.4 MPH)
|
| Bottom of the 2nd over - 0 runs, 0 hits, 0 errors, 1 left on base; Biloxi 0 - Harrisburg 0 |
| TOP OF THE 3RD |
|
Biloxi Shuckers batting - Pitching for Harrisburg Senators : LHP Sean Carr
|
|
Batting: RHB Dustin Hartman
|
0-0: Ball 1-0: Ball 2-0: Foul Ball, location: 2F 2-1: Swinging Strike 2-2: Foul Ball, location: 2F 2-2: Ball 3-2: Fly out, F8 (Flyball, 8LD, EV 99.4 MPH)
|
|
Batting: RHB Leo Serrano
|
0-0: Swinging Strike 0-1: Foul Ball, location: 2F 0-2: Ball 1-2: Strikes out swinging
|
|
Batting: SHB Mike Williams
|
0-0: Called Strike 0-1: Ball 1-1: Ball 2-1: Ball 3-1: Fly out, F8 (Line Drive, 89D, EV 93.1 MPH)
|
| Top of the 3rd over - 0 runs, 0 hits, 0 errors, 0 left on base; Biloxi 0 - Harrisburg 0 |
| BOTTOM OF THE 3RD |
|
Harrisburg Senators batting - Pitching for Biloxi Shuckers : RHP Junzo Yanagisawa
|
|
Batting: RHB Jim Towle
|
0-0: Ball 1-0: Ball 2-0: Ground out 4-3 (Groundball, 4, EV 91.2 MPH)
|
|
Batting: RHB Josh Lykins
|
0-0: Ball 1-0: Foul Ball, location: 2F 1-1: Foul Ball, location: 2F 1-2: Ball 2-2: Ball 3-2: Foul Ball, location: 2F 3-2: Foul Ball, location: 2F 3-2: Foul Ball, location: 2F 3-2: Foul Ball, location: 2F 3-2: Foul Ball, location: 2F 3-2: Ground out 4-3 (Groundball, 4, EV 101.2 MPH)
|
|
Batting: SHB Dan Castaneda
|
0-0: Ball 1-0: Ball 2-0: Ball 3-0: Base on Balls
|
|
Batting: RHB Kevin Whitenack
|
0-0: Ball Dan Castaneda is caught stealing 2nd base 2-4
|
| Bottom of the 3rd over - 0 runs, 0 hits, 0 errors, 0 left on base; Biloxi 0 - Harrisburg 0 |
| TOP OF THE 4TH |
|
Biloxi Shuckers batting - Pitching for Harrisburg Senators : LHP Sean Carr
|
|
Batting: RHB Cameron Rattenbury
|
0-0: Ball 1-0: Foul Ball, location: 2F 1-1: Fly out, F7 (Flyball, 78S, EV 86.2 MPH)
|
|
Batting: RHB Vinny Estrada
|
0-0: Foul Ball, location: 2F 0-1: Ball 1-1: Swinging Strike 1-2: Ball 2-2: Strikes out looking
|
|
Batting: RHB Steve Byerly
|
0-0: Foul Ball, location: 2F 0-1: Ball 1-1: SOLO HOME RUN (Line Drive, 78XD, EV 106.2 MPH), Distance : 418 ft
|
|
Batting: RHB Matthew Adams
|
0-0: Called Strike 0-1: Ball 1-1: Fly out, F7 (Flyball, 78M, EV 84.4 MPH)
|
| Top of the 4th over - 1 run, 1 hit, 0 errors, 0 left on base; Biloxi 1 - Harrisburg 0 |
| BOTTOM OF THE 4TH |
|
Harrisburg Senators batting - Pitching for Biloxi Shuckers : RHP Junzo Yanagisawa
|
|
Batting: RHB Kevin Whitenack
|
0-0: Ground out 5-3 (Groundball, 5L, EV 78.1 MPH)
|
|
Batting: RHB Hisayuki Akiyama
|
0-0: Foul Ball, location: 2F 0-1: Ball 1-1: Ball 2-1: Swinging Strike 2-2: Foul Ball, location: 2F 2-2: Foul Ball, location: 2F 2-2: Foul Ball, location: 2F 2-2: Ball 3-2: Foul Ball, location: 2F 3-2: Base on Balls
|
|
Batting: LHB Nate Melendez
|
0-0: Ball Hisayuki Akiyama is caught stealing 2nd base 2-6 1-0: Fly out, F7 (Line Drive, 78S, EV 96.9 MPH)
|
| Bottom of the 4th over - 0 runs, 0 hits, 0 errors, 0 left on base; Biloxi 1 - Harrisburg 0 |
| TOP OF THE 5TH |
|
Biloxi Shuckers batting - Pitching for Harrisburg Senators : LHP Sean Carr
|
|
Batting: RHB Brian Landrum
|
0-0: SINGLE (Groundball, 15S, EV 68.8 MPH) (infield hit)
|
|
Batting: RHB Skyler Goss
|
0-0: Fly out, F8 (Flyball, 78D, EV 105.0 MPH)
|
|
Batting: RHB Dustin Hartman
|
0-0: Ball 1-0: Ball 2-0: Grounds into double play, 6-4-3 (Groundball, 6, EV 81.9 MPH)
|
| Top of the 5th over - 0 runs, 1 hit, 0 errors, 0 left on base; Biloxi 1 - Harrisburg 0 |
| BOTTOM OF THE 5TH |
|
Harrisburg Senators batting - Pitching for Biloxi Shuckers : RHP Junzo Yanagisawa
|
|
Batting: RHB Slavik Nebrodov
|
0-0: Fly out, F9 (Line Drive, 89S, EV 93.8 MPH)
|
|
Batting: RHB Ben Welt
|
0-0: SINGLE (Groundball, 4M, EV 101.9 MPH) (infield hit)
|
|
Batting: RHB John McNeill
|
0-0: Called Strike 0-1: Fly out, F3 (Popup, 23F, EV 85.6 MPH)
|
|
Batting: RHB Jim Towle
|
0-0: Ground out U3 (Groundball, 3L, EV 103.1 MPH)
|
| Bottom of the 5th over - 0 runs, 1 hit, 0 errors, 1 left on base; Biloxi 1 - Harrisburg 0 |
| TOP OF THE 6TH |
|
Biloxi Shuckers batting - Pitching for Harrisburg Senators : LHP Sean Carr
|
|
Batting: RHB Leo Serrano
|
0-0: Called Strike 0-1: Ball 1-1: Foul Ball, location: 2F 1-2: Strikes out looking
|
|
Batting: SHB Mike Williams
|
0-0: Called Strike 0-1: Ball 1-1: Ground out 4-3 (Groundball, 4, EV 90.0 MPH)
|
|
Batting: RHB Cameron Rattenbury
|
0-0: Foul Ball, location: 2F 0-1: Ground out 6-3 (Groundball, 6, EV 105.6 MPH)
|
| Top of the 6th over - 0 runs, 0 hits, 0 errors, 0 left on base; Biloxi 1 - Harrisburg 0 |
| BOTTOM OF THE 6TH |
|
Harrisburg Senators batting - Pitching for Biloxi Shuckers : RHP Junzo Yanagisawa
|
|
Batting: RHB Josh Lykins
|
0-0: Ball 1-0: Ball 2-0: Called Strike 2-1: Swinging Strike 2-2: Fly out, F7 (Line Drive, 7LM, EV 106.9 MPH)
|
|
Batting: SHB Dan Castaneda
|
0-0: Ball 1-0: Swinging Strike 1-1: Foul Ball, location: 2F 1-2: Ball 2-2: Foul Ball, location: 2F 2-2: Foul Ball, location: 2F 2-2: Ball 3-2: Strikes out swinging
|
|
Batting: RHB Kevin Whitenack
|
0-0: Ground out 4-3 (Groundball, 4M, EV 78.1 MPH)
|
| Bottom of the 6th over - 0 runs, 0 hits, 0 errors, 0 left on base; Biloxi 1 - Harrisburg 0 |
| TOP OF THE 7TH |
|
Biloxi Shuckers batting - Pitching for Harrisburg Senators : LHP Sean Carr
|
|
Batting: RHB Vinny Estrada
|
0-0: Ball 1-0: Foul Ball, location: 2F 1-1: Swinging Strike 1-2: Ball 2-2: Foul Ball, location: 2F 2-2: Ball 3-2: Foul Ball, location: 2F 3-2: Foul Ball, location: 2F 3-2: SOLO HOME RUN (Line Drive, 89XD, EV 103.1 MPH), Distance : 396 ft
|
|
Batting: RHB Steve Byerly
|
0-0: Called Strike 0-1: Called Strike 0-2: Ball 1-2: Foul Ball, location: 2F 1-2: Fly out, F7 (Flyball, 7, EV 74.4 MPH)
|
|
Batting: RHB Matthew Adams
|
0-0: Called Strike 0-1: Swinging Strike 0-2: Strikes out swinging, 2-3 out at first.
|
|
Batting: RHB Brian Landrum
|
0-0: Foul Ball, location: 2F 0-1: Ball 1-1: Ball 2-1: SINGLE (Groundball, 5S, EV 68.1 MPH) (infield hit)
|
|
Pitching: RHP Alex Vasquez
|
|
|
Batting: RHB Skyler Goss
|
0-0: Swinging Strike 0-1: Fly out, F8 (Flyball, 78D, EV 95.0 MPH)
|
| Top of the 7th over - 1 run, 2 hits, 0 errors, 1 left on base; Biloxi 2 - Harrisburg 0 |
| BOTTOM OF THE 7TH |
|
Harrisburg Senators batting - Pitching for Biloxi Shuckers : RHP Junzo Yanagisawa
|
|
Batting: RHB Hisayuki Akiyama
|
0-0: Called Strike 0-1: Ball 1-1: Ground out 1-3 (Groundball, 13, EV 67.5 MPH)
|
|
Batting: LHB Nate Melendez
|
0-0: Ball 1-0: Fly out, F7 (Flyball, 78D, EV 93.1 MPH)
|
|
Batting: RHB Slavik Nebrodov
|
0-0: Ball 1-0: Called Strike 1-1: Foul Ball, location: 2F 1-2: Strikes out swinging
|
| Bottom of the 7th over - 0 runs, 0 hits, 0 errors, 0 left on base; Biloxi 2 - Harrisburg 0 |
| TOP OF THE 8TH |
|
Biloxi Shuckers batting - Pitching for Harrisburg Senators : RHP Alex Vasquez
|
|
Batting: RHB Dustin Hartman
|
0-0: Ground out 6-3 (Groundball, 6, EV 86.2 MPH)
|
|
Batting: RHB Leo Serrano
|
0-0: Called Strike 0-1: Ball 1-1: Foul Ball, location: 2F 1-2: Foul Ball, location: 2F 1-2: Ground out 2-3 (Groundball, 15S, EV 66.2 MPH)
|
|
Batting: SHB Mike Williams
|
0-0: Called Strike 0-1: Ball 1-1: Ball 2-1: Ground out 4-3 (Groundball, 4, EV 87.5 MPH)
|
| Top of the 8th over - 0 runs, 0 hits, 0 errors, 0 left on base; Biloxi 2 - Harrisburg 0 |
| BOTTOM OF THE 8TH |
|
Harrisburg Senators batting - Pitching for Biloxi Shuckers : RHP Junzo Yanagisawa
|
|
Batting: RHB Ben Welt
|
0-0: Reached on error, E5 (Groundball, 56S, EV 93.1 MPH)
|
|
Batting: RHB John McNeill
|
0-0: Reached on error, E6 (Groundball, 6, EV 105.0 MPH) Ben Welt to second
|
|
Pinch Hitting: LHB Shinji Adachi
|
0-0: Called Strike 0-1: Ball 1-1: DOUBLE (Line Drive, 78M, EV 102.5 MPH) Ben Welt scores John McNeill to third Runner from 3rd tries for Home, SAFE, throw by LF to home
|
|
Pitching: RHP Mike Ellinwood
|
|
|
Batting: RHB Josh Lykins
|
0-0: Called Strike 0-1: Foul Ball, location: 2F 0-2: Ball 1-2: Ground out 6-3 (Groundball, 6, EV 89.4 MPH)
|
|
Batting: SHB Dan Castaneda
|
0-0: Foul Ball, location: 2F 0-1: Foul Ball, location: 2F 0-2: Foul Ball, location: 2F 0-2: Foul Ball, location: 2F 0-2: Fly out, F8 (Line Drive, 78D, EV 90.6 MPH)
|
|
Batting: RHB Kevin Whitenack
|
0-0: Ball 1-0: DOUBLE (Line Drive, 5D, EV 101.9 MPH) Shinji Adachi scores
|
|
Batting: RHB Hisayuki Akiyama
|
0-0: Ball 1-0: Called Strike Kevin Whitenack steals 3rd base 1-1: SINGLE (Line Drive, 6D, EV 105.0 MPH) Kevin Whitenack scores
|
|
Batting: LHB Nate Melendez
|
0-0: Ball Hisayuki Akiyama steals 2nd base 1-0: Intentional Walk
|
|
Batting: RHB Slavik Nebrodov
|
0-0: Called Strike 0-1: Ground out 6-3 (Groundball, 6S, EV 78.8 MPH)
|
| Bottom of the 8th over - 4 runs, 3 hits, 2 errors, 2 left on base; Biloxi 2 - Harrisburg 4 |
| TOP OF THE 9TH |
|
Biloxi Shuckers batting - Pitching for Harrisburg Senators : RHP Alex Vasquez
|
|
Pitching: RHP Steve Barnes
|
|
|
Now at 2B: Donovan Auclair
|
|
|
Batting: RHB Cameron Rattenbury
|
0-0: Called Strike 0-1: Foul Ball, location: 2F 0-2: Ball 1-2: Strikes out swinging
|
|
Batting: RHB Vinny Estrada
|
0-0: Ball 1-0: Called Strike 1-1: Called Strike 1-2: Strikes out swinging
|
|
Batting: RHB Steve Byerly
|
0-0: Called Strike 0-1: Ball 1-1: Foul Ball, location: 2F 1-2: Ball 2-2: Ball 3-2: Foul Ball, location: 2F 3-2: Fly out, F8 (Flyball, 8RM, EV 74.4 MPH)
|
| Top of the 9th over - 0 runs, 0 hits, 0 errors, 0 left on base; Biloxi 2 - Harrisburg 4 |
|